 Dungeon Crawl Stone Soup version 0.25-a0-668-gea548f19b6 (webtiles) character file.

Game seed: 5349167310879961091, levelgen mode: deterministic

132 Kohma the Vexing (level 4, -10/21 HPs)
             Began as a Spriggan Enchanter on Mar 28, 2020.
             Mangled by an orc
             ... wielding a +1 whip of electrocution
              (20 damage)
             ... on level 3 of the Dungeon.
             The game lasted 00:07:26 (3278 turns).

Kohma the Vexing (Spriggan Enchanter)               Turns: 3278, Time: 00:07:27

Health: -10/21     AC:  2    Str:  4    XL:     4   Next: 92%
Magic:  9/9        EV: 18    Int: 17    God:
Gold:   74         SH:  0    Dex: 16    Spells: 3/9 levels left

rFire    . . .     SeeInvis +   a - +1 dagger
rCold    . . .     Gourm    .   (shield restricted)
rNeg     . . .     Faith    .   b - +0 robe
rPois    .         Spirit   .   (helmet restricted)
rElec    .         Reflect  .   (no cloak)
rCorr    .         Harm     .   (gloves unavailable)
MR       .....                  (boots unavailable)
Stlth    +++.......             (no amulet)
HPRegen  0.07/turn              (no ring)
MPRegen  0.11/turn              (no ring)

@: very quick
A: very small, unfitting armour, see invisible, herbivore, speed 3, slow
metabolism 2
a: no special abilities


You were on level 3 of the Dungeon.
You were not hungry.

You visited 1 branch of the dungeon, and saw 3 of its levels.

You collected 74 gold pieces.

Inventory:

Hand Weapons
 a - a +1 dagger (weapon)
Missiles
 g - 58 stones
 n - 3 atropa-tipped darts (quivered)
Armour
 b - a +0 robe (worn)
Scrolls
 c - 3 scrolls of teleportation {unknown}
 h - 2 scrolls of identify {unknown}
 k - a scroll of remove curse {unknown}
 l - a scroll of enchant armour {unknown}
 o - a scroll of enchant weapon {unknown}
Potions
 e - a potion of lignification {unknown}
 f - 2 potions of degeneration {unknown}
 i - 2 potions of curing
 j - a potion of brilliance {unknown}
 m - a potion of invisibility {unknown}
Comestibles
 d - 2 rations


   Skills:
 + Level 0.7 Fighting
 + Level 3.3 Short Blades
 - Level 3.0 Dodging
 - Level 5.0 Stealth
 - Level 3.0 Spellcasting
 + Level 5.1 Hexes


You had 3 spell levels left.
You knew the following spells:

 Your Spells              Type           Power        Failure   Level  Hunger
a - Corona                Hex            ###....      2%          1    None
b - Ensorcelled Hibernat  Hex/Ice        ##....       10%         2    ##.....
c - Confusing Touch       Hex            ###.....     6%          3    ###....

Your spell library contained the following spells:

 Spells                   Type           Power        Failure   Level  Hunger
 Tukima's Dance           Hex            ###.....     6%          3    ###....
 Dazzling Flash           Conj/Hex       ##....       19%         3    ###....


Dungeon Overview and Level Annotations

Branches:
Dungeon (3/15)

Altars:
Xom


Innate Abilities, Weirdness & Mutations

You are very small and have problems with some larger weapons.
You are too small for most types of armour.
You have supernaturally acute eyesight. (SInv)
You are a herbivore.
You cover ground extremely quickly.
You need to consume almost no food.


Message History

The dart slug is severely wounded.
The dart slug closely misses you.
The orc wizard gestures wildly while chanting.
The orc wizard blinks!
You hit the dart slug.
The dart slug is almost dead.
The dart slug bites you.
You hit the dart slug.
You kill the dart slug!
You hit the orc.
The orc is moderately wounded.
The orc hits you with a +1 whip of electrocution.
You hit the orc but do no damage.
The orc is moderately wounded.
You barely miss the orc.
The orc is moderately wounded.
The orc hits you with a +1 whip of electrocution.
You are electrocuted!!
Ouch! That really hurt!
You die...

##### ....#
)...################
....##..........@ow#
....##.###########.###.#
....##.# #...........#
.......# #.o....†.##.#
.).)#### #.oo.....#
.#........##..o.....#
.#........##......).#
.#........##....?..?#
..........###########


You could see a worm and an orc.

Vanquished Creatures
  An orc wizard (D:3)
  4 adders (D:2)
  A worm (D:2)
  3 dart slugs
  5 orcs (D:3)
  6 giant cockroaches
  3 goblins
  A hobgoblin (D:2)
  6 jackals
  5 kobolds
  8 bats
  6 frilled lizards
  5 rats
54 creatures vanquished.

Notes
Turn   | Place    | Note
-------+----------+-------------------------------------------
     0 | D:1      | Kohma the Spriggan Enchanter began the quest for the Orb.
     0 | D:1      | Reached XP level 1. HP: 9/9 MP: 5/5
   349 | D:1      | Reached XP level 2. HP: 7/13 MP: 4/6
   503 | D:1      | Learned a level 2 spell: Ensorcelled Hibernation
   901 | D:1      | Reached skill level 5 in Stealth
  1232 | D:2      | Reached XP level 3. HP: 16/16 MP: 8/8
  1730 | D:2      | Learned a level 3 spell: Confusing Touch
  2075 | D:2      | Reached XP level 4. HP: 20/21 MP: 9/9
  2254 | D:2      | Found a hazy altar of Hepliaklqana.
  2256 | D:2      | Found a radiant altar of Vehumet.
  2256 | D:2      | Found a shimmering altar of Xom.
  2275 | D:2      | Found a shattered altar of Ashenzari.
  2275 | D:2      | Found a white marble altar of Elyvilon.
  2275 | D:2      | Found a sacrificial altar of Ru.
  3138 | D:3      | Reached skill level 5 in Hexes
  3278 | D:3      | Mangled by an orc

Levels and vault maps discovered:
D:1:      lightli_arrival_boilingwater, layout_basic
D:2:      layout_basic, doesnt_xom_only_xom
D:3:      layout_basic, lemuel_round_altar, lemuel_crystal_altar,
          chequers_ecumenical_altar_island

Skill      XL: |  1  2  3  4 |
---------------+-------------+-----
Spellcasting   | 3 |  3.0
Hexes          | 4 5 |  5.1
Stealth        | 5 |  5.0
Short Blades   | 2 3 |  3.3
Fighting       | |  0.7
Dodging        | |  3.0

Action                   |  1- 3 |  4- 6 || total
-------------------------+-------+-------++-------
Melee: Dagger            |   145 |    83 ||   228
Throw: Stone             |    25 |       ||    25
       Dart              |       |     1 ||     1
 Cast: Corona            |    10 |     1 ||    11
       Ensorcelled Hiber |    19 |     8 ||    27
 Stab: Sleeping          |    15 |     8 ||    23
       Distracted        |     1 |       ||     1
       Invisible         |       |     1 ||     1
  Eat: Ration            |       |     1 ||     1
Armor: Robe              |    11 |     4 ||    15
Dodge: Dodged            |   145 |    66 ||   211

Table legend:
 A = Non-vault XP
 B = Vault XP
 C = Vault XP percentage of total XP
 D = Non-vault monster count
 E = Vault monster count
 F = Vault count percentage of total count
                 A         B        C        D         E       F
            +---------+---------+-------+---------+---------+-------
      Total |     189 |       0 |   0.0 |      54 |       0 |   0.0
            +---------+---------+-------+---------+---------+-------
        D:1 |      42 |       0 |   0.0 |      23 |       0 |   0.0
        D:2 |      79 |       0 |   0.0 |      19 |       0 |   0.0
        D:3 |      68 |       0 |   0.0 |      12 |       0 |   0.0
            +---------+---------+-------+---------+---------+-------
